 Dungeon Crawl Stone Soup version 0.31.0-11-ge490571c62 (webtiles) character file.

Game seed: 10658751686170069058

65 Goblin1989 the Sneak (level 3, -3/29 HPs)
             Began as a Demonspawn Delver on Feb 9, 2024.
             Slain by an orc
             ... wielding a +0 mace
              (4 damage)
             ... on level 3 of the Dungeon.
             The game lasted 00:04:39 (2244 turns).

Goblin1989 the Sneak (Demonspawn Delver)            Turns: 2244, Time: 00:04:39

Health: -3/29      AC:  3    Str: 12    XL:     3   Next: 92%
Magic:  3/3        EV: 11    Int: 10    God:
Gold:   129        SH:  0    Dex: 16    Spells: 2/2 levels left

rFire   . . .        a - +0 short sword
rCold   . . .        (no shield)
rNeg    . . .        b - +0 leather armour
rPois   .            (no helmet)
rElec   .            (no cloak)
rCorr   .            (no gloves)
SInv    .            (no boots)
Will    .....        (no amulet)
Stlth   +++          (no ring)
HPRegen 0.24/turn    (no ring)
MPRegen 0.08/turn

%: no passive effects
@: no status effects
A: powered by death 1
a: no special abilities


You were on level 3 of the Dungeon.
You visited 1 branch of the dungeon, and saw 5 of its levels.

You collected 129 gold pieces.

Inventory:

Hand Weapons
 a - a +0 short sword (weapon)
 r - a +0 short sword of draining
Missiles
 h - 8 poisoned darts (quivered)
Armour
 b - a +0 leather armour (worn)
Jewellery
 o - a +4 ring of protection
Wands
 g - a wand of digging (3) {@v3}
Scrolls
 c - 2 scrolls of fog
 d - 2 scrolls of revelation
 e - a scroll of fear
 j - a scroll of brand weapon {unknown}
 k - 3 scrolls of identify {unknown}
 n - a scroll of noise {unknown}
 q - a scroll of immolation {unknown}
Potions
 f - a potion of haste {@q3,}
 i - a potion of might {unknown}
 l - a potion of attraction {unknown}
 m - a potion of ambrosia {unknown}
 p - a potion of degeneration {unknown}
 s - 2 potions of enlightenment {unknown}


   Skills:
 - Level 3.0 Fighting
 - Level 1.7 Short Blades
 - Level 1.7 Dodging
 + Level 6.0 Stealth


You had 2 spell levels left.
You didn't know any spells.
Your spell library contained the following spells:

 Spells                   Type           Power      Damage    Failure   Level
 Jinxbite                 Hex            0%         N/A       58%         2
 Yara's Violent Unravell  Hex/Alch       0%         3d3       100%        5
 Enfeeble                 Hex            0%         N/A       100%        7


Dungeon Overview and Level Annotations

Branches:
Dungeon (5/15) Zot: 25075
 Temple: D:4-7

Altars:

Shops:
D:1 [


Innate Abilities, Weirdness & Mutations

You regenerate a little health from kills.


Message History

An orc is nearby!
An orc is nearby!
The orc hits you with a +0 mace!
You take 7 damage, and have 22/29 hp.
MASSIVE DAMAGE!!
You hit the orc but do no damage. The orc hits you with a +0 mace.
You take 2 damage, and have 20/29 hp.
You hit the orc but do no damage. The orc hits you with a +0 mace.
You take 3 damage, and have 17/29 hp.
You are too injured to fight recklessly!
You are too injured to fight recklessly!
You are too injured to fight recklessly!
You are too injured to fight recklessly!
You are too injured to fight recklessly!
You are too injured to fight recklessly!
You are too injured to fight recklessly!
You are too injured to fight recklessly!
You are too injured to fight recklessly!
You are too injured to fight recklessly!
You are too injured to fight recklessly!
You are too injured to fight recklessly!
You are too injured to fight recklessly!
You are too injured to fight recklessly!
You are too injured to fight recklessly!
You are too injured to fight recklessly!
You are too injured to fight recklessly!
You are too injured to fight recklessly!
You are too injured to fight recklessly!
You are too injured to fight recklessly!
You are too injured to fight recklessly!
You are too injured to fight recklessly!
You are too injured to fight recklessly!
You hit the orc but do no damage. The orc hits you but does no damage.
You completely miss the orc. You hit the orc.
The orc is almost dead.
The orc hits you but does no damage.
You barely miss the orc.
The orc is almost dead.
The orc hits you with a +0 mace.
* * * LOW HITPOINT WARNING * * *
You take 6 damage, and have 11/29 hp.
MASSIVE DAMAGE!!
You hit the orc but do no damage.
The orc is almost dead.
The orc closely misses you.
You hit the orc but do no damage.
The orc is almost dead.
The orc barely misses you.
You hit the orc but do no damage.
The orc is almost dead.
The orc suddenly yells.
The orc barely misses you.
You hit the orc but do no damage.
The orc is almost dead.
The orc barely misses you.
You hit the orc but do no damage.
The orc is severely wounded.
The orc hits you with a +0 mace.
* * * LOW HITPOINT WARNING * * *
You take 5 damage, and have 7/29 hp.
You hit the orc but do no damage.
The orc is severely wounded.
The orc hits you but does no damage.
You barely miss the orc.
The orc is severely wounded.
The orc hits you with a +0 mace.
* * * LOW HITPOINT WARNING * * *
You take 1 damage, and have 7/29 hp.
You hit the orc but do no damage.
The orc is severely wounded.
You closely miss the orc.
The orc is severely wounded.
The orc cheers to no one in particular.
The orc barely misses you.
You closely miss the orc.
The orc is severely wounded.
The orc hits you with a +0 mace.
* * * LOW HITPOINT WARNING * * *
You take 5 damage, and have 2/29 hp.
You hit the orc but do no damage.
The orc is severely wounded.
The orc closely misses you.
You hit the orc but do no damage.
The orc is severely wounded.
The orc closely misses you.
You hit the orc but do no damage.
The orc is severely wounded.
The orc barely misses you.
You hit the orc but do no damage.
The orc is severely wounded.
The orc hits you but does no damage.
You hit the orc but do no damage.
The orc is severely wounded.
The orc hits you with a +0 mace.
* * * LOW HITPOINT WARNING * * *
You take 1 damage, and have 1/29 hp.
Unknown command.
You hit the orc but do no damage.
The orc is severely wounded.
The orc hits you with a +0 mace.
You die... ███.█.█.██...███.███...███ ....█.█.███.██ █.█ █...█ .....████ ████████

██.██ ...███ ....8█
█... ..██ ....█
█..██ .██
████...███..█████
███ Ψ.....█........
█.██ █8.o█.█..██.█ █
...█.▲
█..@█.█...█.█.█.█
.....█
████...█)..........█
...███
..8.....∆<█...<.█.
█.██
.......8█.██..███
███ █████████.███.█
█ █.█ █.█ █ █.. ...
███ █.██ █.█


You could see an orc.

Vanquished Creatures
  3 adders (D:2)
  A dart slug (D:1)
  4 ball pythons (D:2)
  2 bats (D:2)
  5 endoplasms
  2 giant cockroaches (D:1)
  3 goblins
  3 hobgoblins
  2 quokkas (D:2)
  7 kobolds
  2 rats
34 creatures vanquished.

Notes
Turn   | Place    | Note
-------+----------+-------------------------------------------
     0 | D:5      | Goblin1989 the Demonspawn Delver began the quest for the
                  | Orb.
     0 | D:5      | Reached XP level 1. HP: 18/18 MP: 1/1
   109 | D:3      | Noticed a bombardier beetle
   294 | D:2      | Reached skill level 5 in Stealth
   294 | D:2      | Gained mutation: You regenerate a little health from kills.
                  | [demonic ancestry]
   294 | D:2      | Reached XP level 2. HP: 24/24 MP: 2/2
   315 | D:1      | Found Mufikh's Armour Shoppe.
   978 | D:1      | Reached XP level 3. HP: 29/29 MP: 3/3
  1503 | D:2      | Found a faded altar of an unknown god.
  2125 | D:2      | Reached skill level 6 in Stealth
  2243 | D:3      | HP: 1/29 [orc/+0 mace (2)]
  2244 | D:3      | Slain by an orc

Illustrated notes

Levels and vault maps discovered:
D:1:      dpeg_arrival_circle_labyrinth_c, layout_basic, serial_shops,
          nicolae_shop_statue_plus, kennysheep_pointless_box, minivault_25
D:2:      layout_basic, hellmonk_ecumenical_altar_pennies_from_heaven
D:3:      layout_loops_corners, nicolae_nh_oracle_at_delphi, uniq_natasha,
          uniq_terence
D:4:      layout_loops_corners, serial_shops, nicolae_shop_tiny_real_fake_doors,
          uniq_duvessa, uniq_eustachio, uniq_sigmund
D:5:      minmay_evil_eye, layout_basic, mainiacjoe_overflow_alcove_4,
          minmay_temple_entry_large_hall, serial_shops,
          nicolae_shop_real_fake_doors, nicolae_shop_peninsula,
          nicolae_lakefront_shop, uniq_menkaure

Skill      XL: |  1  2  3 |
---------------+----------+-----
Stealth        | 5 6 |  6.0
Fighting       | |  3.0
Short Blades   | |  1.7
Dodging        | |  1.7

Action                     || total
---------------------------++-------
  Melee: Short sword       ||   148
         Punch             ||     3
   Stab: Sleeping          ||    12
 Armour: Leather armour    ||    82
  Dodge: Dodged            ||    59
